 Dungeon Crawl Stone Soup version 0.14-a0-3376-gf173aa4 (webtiles) character file.

192 Econoterrorist the Slasher (level 4, -12/31 HPs)
             Began as a High Elf Fighter on Mar 20, 2014.
             Mangled by an ice beast (13 damage)
             ... on Level 2 of the Dungeon.
             The game lasted 00:07:08 (1555 turns).

Econoterrorist the Slasher (High Elf Fighter)       Turns: 1555, Time: 00:07:08

HP -12/31        AC  7     Str 20      XL: 4   Next: 16%
MP   7/7         EV  6     Int 18      God:
Gold 113         SH 18     Dex 14      Spells:  0 memorised,  3 levels left

rFire  . . .     SeeInvis .     a - +0 long sword
rCold  . . .     Clarity  .     b - +0 scale mail
rNeg   . . .     Conserve .     c - +0 shield
rPois  .         rCorr    .     j - +0 helmet
rElec  .         rRot     .     (no cloak)
SustAb . .       Spirit   .     (no gloves)
rMut   .         Warding  .     (no boots)
Saprov . . .     Stasis   .     (no amulet)
MR     .....                    (no ring)
                                (no ring)

@: mighty, brilliant, not resistant to hostile enchantments, extremely
unstealthy
A: no striking features
a: no special abilities


You were on level 2 of the Dungeon.
You were not hungry.

You visited 1 branch of the dungeon, and saw 2 of its levels.

You collected 113 gold pieces.

Inventory:

Hand weapons
 a - a +0,+0 long sword (weapon)
Armour
 b - a +0 scale mail (worn)
 c - a +0 shield (worn)
 j - a +0 helmet (worn)
Comestibles
 d - a bread ration
 f - a pear
 h - 2 chokos
 m - 12 grapes
 t - a chunk of quokka flesh
Scrolls
 i - a scroll of enchant armour {unknown}
 k - a scroll of remove curse {unknown}
 l - a scroll of random uselessness {unknown}
 p - a scroll of fog {unknown}
 q - 2 scrolls of teleportation {unknown}
 s - a scroll of identify {unknown}
Potions
 n - a potion of brilliance
 o - a potion of agility {unknown}


   Skills:
 - Level 3.0 Fighting
 + Level 5.4 Long Blades
 - Level 2.6 Armour
 - Level 2.6 Shields


You had 3 spell levels left.
You didn't know any spells.

Dungeon Overview and Level Annotations

Branches:
Dungeon (2/15)

Altars:


Message History

The ice beast hits you but does no damage.
You closely miss the ice beast.
The ice beast is heavily wounded.
The ice beast hits you but does no damage.
You closely miss the ice beast.
The ice beast is heavily wounded.
The ice beast hits you.
* * * LOW HITPOINT WARNING * * *
The ice beast freezes you!
* * * LOW HITPOINT WARNING * * *
The ice beast hits you but does no damage.
You slash the ice beast!
The ice beast is almost dead.
The ice beast completely misses you.
You closely miss the ice beast.
The ice beast is almost dead.
The ice beast hits you.
* * * LOW HITPOINT WARNING * * *
The ice beast freezes you!
You die...

#......'<###.#≈≈≈#≈≈#≈≈≈##.≈≈≈≈≈.
##.....#####.##≈≈####≈≈##.≈≈ ≈≈≈
.....#.......##≈## ##≈#≈≈≈###.##
.....#######.###.#######≈...#...#
.....# #.# ##....###.........
.....# #.# #....'.#.........
.....##### #.# #....'.'.........
#.(.##...# #.# ##I...###.........
#...##...# #.###@##### #....#...#
#...##...# #.##%## # ##≈.###.##
....##...# .##≈≈# ##≈≈ #≈≈.#≈≈≈#
##..##...# .#≈≈≈# ≈≈≈≈≈##≈≈≈≈≈≈.
....##...###.#≈≈≈#≈≈≈≈≈≈ ##.#≈.≈≈
.........'.#.#≈≈≈#≈≈≈≈≈≈ ##..#.≈
...##....#.#.#≈≈≈≈≈≈≈≈≈≈≈ ##.##P
............>#≈≈≈≈≈≈≈≈≈≈≈ ## #.
....#.##..##.#≈≈≈≈≈≈#.≈≈≈


You could see an ice beast.

Vanquished Creatures
  Jessica (D:2)
  2 adders (D:2)
  A giant gecko (D:1)
  2 oozes
  4 giant cockroaches
  7 hobgoblins
  A kobold (D:2)
  A quokka (D:2)
  A ball python (D:2)
  7 bats
  6 goblins
  4 rats
37 creatures vanquished.

Notes
Turn   | Place    | Note
--------------------------------------------------------------
     0 | D:1      | Econoterrorist, the High Elf Fighter, began the quest for the Orb.
     0 | D:1      | Reached XP level 1. HP: 16/16 MP: 2/2
   158 | D:1      | Reached XP level 2. HP: 21/21 MP: 3/3
   428 | D:1      | Reached skill level 4 in Long Blades
   822 | D:2      | Reached XP level 3. HP: 23/26 MP: 5/5
  1122 | D:2      | Noticed Jessica
  1133 | D:2      | Killed Jessica
  1133 | D:2      | Reached skill level 5 in Long Blades
  1503 | D:2      | Reached XP level 4. HP: 31/31 MP: 7/7
  1540 | D:2      | Noticed an ice beast
  1553 | D:2      | HP: 1/31 [ice beast (6)]
  1555 | D:2      | Mangled by an ice beast

Action                   |  1- 3 |  4- 6 || total
-------------------------+-------+-------++-------
Melee: Long sword        |   127 |    19 ||   146
  Use: Potion            |       |     3 ||     3
